 Dungeon Crawl Stone Soup version 0.30-a0-632-g346586fe48 (webtiles) character file.

Game seed: 6399082546534805179

3474 wormed the Insei (level 10, -1/79 HPs)
             Began as an Octopode Transmuter on Jan 13, 2023.
             Was a High Priest of Ru.
             Slain by Erica
             ... wielding a +4 scimitar of flaming
              (12 damage)
             ... on level 8 of the Dungeon.
             The game lasted 00:12:33 (8477 turns).

wormed the Insei (Octopode Transmuter)              Turns: 8477, Time: 00:12:34

Health: -1/79      AC:  7    Str: 10    XL:     10   Next: 6%
Magic:  25/25      EV: 13    Int: 19    God:    Ru [*****.]
Gold:   349        SH:  0    Dex: 19    Spells: 12/19 levels left

rFire   x . .      SeeInvis .      - Unarmed
rCold   + + +      Faith    +    (shield currently unavailable)
rNeg    . . .      Spirit   .    (helmet currently unavailable)
rPois   +          Reflect  .    a
                                   - Hermit's Pendant {Faith Invo=14 Evo=0 MP+5}
rElec   .          Harm     .    t - ring of resist corrosion
rCorr   +          Rampage  .    w - +6 ring of dexterity
Will    .....                    (no ring) Stlth
                                 (no ring)
HPRegen 0.33/turn                (no ring)
MPRegen 0.19/turn                (no ring)
                                 (no ring)
                                 (no ring)

@: confused, ice-form, ambrosia-drunk, wereblooded
A: freezing attack, boosted hp, almost no armour, amphibious, 8 rings, large,
(camouflage 1), (gelatinous body 1), no stealth, inability to use devices, no
fire magic, no hexes magic, no necromancy magic, unskilled 1, (nimble swimmer
1), (tentacles)
a: End Transformation, Renounce Religion, Draw Out Power, Power Leap, Apocalypse


You were on level 8 of the Dungeon.
You worshipped Ru.
Ru was extremely pleased with you.
You were a creature of crystalline ice.
You visited 1 branch of the dungeon, and saw 8 of its levels.
You also visited: Sewer and Ossuary.

You collected 445 gold pieces.
You spent 96 gold pieces at shops.

Inventory:

Jewellery
 a - the Hermit's Pendant (around neck) {Faith Invo=14 Evo=0 MP+5}
   (You found it on level 3 of the Dungeon)

   [amulet of faith]

   Invo=14: It sets your Invocations skill to 14.
   Evo=0: It sets your Evocations skill to 0.
   It allows you to gain divine favour quickly.
   MP:        It affects your magic capacity (+5).
 b - an amulet of guardian spirit
 t - a ring of resist corrosion (left front paw)
 w - a +6 ring of dexterity (right front paw)
Scrolls
 d - a scroll of summoning {unknown}
 h - a scroll of teleportation
 m - a scroll of fog
 o - a scroll of silence
 q - a scroll of amnesia
 s - 2 scrolls of blinking
 u - a scroll of fear
 x - a scroll of enchant armour
Potions
 c - 2 potions of magic
 e - 2 potions of might
 f - 2 potions of invisibility
 g - 2 potions of degeneration
 i - 3 potions of curing
 j - 3 potions of cancellation
 k - 3 potions of brilliance
 l - 2 potions of attraction
 n - a potion of ambrosia
 p - 4 potions of heal wounds {unknown}
 r - a potion of mutation
 v - a potion of flight


   Skills:
 + Level 5.1 Fighting
 + Level 5.5 Dodging
 + Level 5.8 Unarmed Combat
 + Level 5.1 Spellcasting
 + Level 5.4 Transmutations
 - Level 5.0 Ice Magic


You had 12 spell levels left.
You knew the following spells:

 Your Spells              Type           Power      Damage    Failure   Level
a - Ice Form              Ice/Tmut       24%        N/A       14%         4
b - Wereblood             Tmut           25%        N/A       1%          2
c - Beastly Appendage     Tmut           50%        N/A       1%          1

Your spell library contained the following spells:

 Spells                   Type           Power      Damage    Failure   Level
 Spider Form              Tmut/Pois      15%        N/A       12%         3
 Petrify                  Tmut/Erth      15%        N/A       36%         4
 Irradiate                Conj/Tmut      7%         3d14      73%         5
 Summon Lightning Spire   Summ/Air       4%         N/A       77%         4
 Storm Form               Tmut/Air       7%         N/A       100%        7
 Maxwell's Capacitive Co  Air            2%         ∞         100%        8
 Sublimation of Blood     Necr           Unusable   N/A       N/A         2
 Animate Dead             Necr           Unusable   N/A       N/A         4
 Haunt                    Necr/Summ      Unusable   N/A       N/A         7
 Infestation              Necr           Unusable   N/A       N/A         8

Dungeon Overview and Level Annotations

Branches:
Dungeon (8/15)             Temple (0/1) D:7           Sewer (visited)
Ossuary (visited)
   Lair: D:8-11

Altars:
Fedhas
Ru
The Shining One

Shops:
D:5 *

Annotations:
D:7 3 runed translucent doors, benadryl's ghost, novice TrIE
D:8 Erica


Innate Abilities, Weirdness & Mutations

You are a creature of crystalline ice.
You have a powerful freezing melee attack.
Your maximum health is increased.
Your armour is entirely melded.
You are incapable of wielding weapons or throwing items.
You cannot wear most types of armour.
You are amphibious.
You can wear up to eight rings at the same time.
((Your skin changes colour to match your surroundings (Stealth+).))
((Your rubbery body absorbs attacks. (AC +1, EV +1)))
You cannot be stealthy.
You cannot study or use magical devices.
You cannot study or cast Fire magic.
You cannot study or cast Hexes magic.
You cannot study or cast Necromancy magic.
You are somewhat unskilled. (-1 Apt)
((You are camouflaged when in or above water. (Stealth+)))
((You have tentacles for arms and can constrict up to eight enemies at once.))


Message History

Erica is nearby!
Casting: Ice Form (dangerous; 14% risk of failure)
Confirm with . or Enter, or press ? or * to list all spells.
You turn into a creature of crystalline ice.
Casting: Ice Form (dangerous; 14% risk of failure)
Confirm with . or Enter, or press ? or * to list all spells.
Your blood is infused with primal strength.
Erica points at you and mumbles some strange words.
The bolt of poison misses you.
Erica mumbles some strange words.
Erica flickers and vanishes!
Deactivating autopickup; reactivate with Ctrl-A.
You hear some strange, mumbled words.
A bolt of poison appears from out of thin air!
The bolt of poison hits you. You resist.
You hit something but do no damage. You closely miss something.
You hear some strange, mumbled words.
A lance of force appears from out of thin air!
The lance of force hits you!!
You focus your inner power and blind something in retribution!
You punch something! You freeze something. Something barely misses you.
You barely miss something. Something hits you but does no damage.
You closely miss something. Something hits you! Something melts you.
You punch something! You freeze something. Something hits you!
Something melts you!
* * * LOW HITPOINT WARNING * * *
You closely miss something.
You hear some strange, mumbled words.
You are confused.
You feel better.
You hear some strange, mumbled words.
Something tries to affect you, but you resist.
You are confused.
You feel invigorated. Something hits you!
* * * LOW HITPOINT WARNING * * *
Something melts you.
* * * LOW HITPOINT WARNING * * *
You barely miss something. Something hits you!
You die...

##.##.###.....#####..#
#####.##.#
#####........#
#.....##.# #####[..##
..####...# #####...#
.## #.### #.......# .#
##.# #.####..#
####...# #.# #..#
.....### #.# #..#
.....# #Y# #..# .....#
#..{# #..# ##.###
#...# #..# ##.###
#...# #..#
.....####### #...#
#..# ##.#.....?..
....#
##.###########...#
#..# #...# #.##


There were no monsters in sight!

Vanquished Creatures
  Pikel (D:8)
  Maggie (D:8)
  Psyche (D:8)
  A wyvern (D:7)
  Eustachio (D:6)
  3 ice beasts
  An orc warrior (D:6)
  3 black bears
  2 ogres
  3 centaurs
  2 phantoms (D:5)
  3 kobold brigands
  4 lemures (D:8)
  2 necrophages
  A bullfrog (D:7)
  4 howler monkeys (D:7)
  3 jellies
  A hound (D:5)
  An orc priest (D:7)
  Ijyb (D:5)
  An iguana (D:4)
  3 orc wizards (D:7)
  A mummy (Ossuary)
  2 gnolls (D:2)
  5 adders
  2 river rats (D:3)
  2 white imps (D:7)
  3 worms
  4 dart slugs
  13 orcs
  A spectral bat (Ossuary)
  9 endoplasms
  5 giant cockroaches
  11 gnoll zombies (Ossuary)
  8 goblins
  2 hobgoblins
  16 kobolds
  6 quokkas
  9 ball pythons
  8 bats
  2 bat simulacra (Ossuary)
  4 frilled lizards
  3 goblin simulacra (Ossuary)
  A goblin zombie (Ossuary)
  3 hobgoblin zombies (Ossuary)
  4 kobold simulacra (Ossuary)
  8 kobold zombies (Ossuary)
  6 orc zombies (Ossuary)
  9 rats
  5 rat simulacra (Ossuary)
  5 spectral goblins (Ossuary)
  3 spectral kobolds (Ossuary)
  2 spectral rats (Ossuary)
205 creatures vanquished.

Vanquished Creatures (collateral kills)
  A kobold brigand (D:8)
1 creature vanquished.

Vanquished Creatures (others)
  An orc wizard (D:7)
  A gnoll zombie (Ossuary)
  3 kobolds
  A fungus (D:1)
  4 plants
  4 toadstools (D:4)
14 creatures vanquished.

Grand Total: 220 creatures vanquished

Notes
Turn   | Place    | Note
-------+----------+-------------------------------------------
     0 | D:1      | wormed the Octopode Transmuter began the quest for the Orb.
     0 | D:1      | Reached XP level 1. HP: 13/13 MP: 3/3
   118 | D:1      | Reached XP level 2. HP: 18/18 MP: 5/5
   346 | D:1      | Reached skill level 1 in Ice Magic
   465 | D:1      | Reached XP level 3. HP: 23/23 MP: 4/6
   468 | D:1      | Learned a level 2 spell: Wereblood
   650 | D:1      | Found a faded altar of an unknown god.
  1059 | D:1      | Prayed at the altar of an unknown god.
  1059 | D:1      | Became a worshipper of Ru the Awakened
  1062 | D:1      | Gained mutation: You cannot study or use magical devices.
                  | [Ru sacrifice]
  1062 | D:1      | Reached * piety under Ru
  1062 | D:1      | Reached ** piety under Ru
  1173 | D:2      | Found a glowing golden altar of the Shining One.
  1321 | D:2      | Found a blossoming altar of Fedhas.
  1333 | D:2      | Reached XP level 4. HP: 16/28 MP: 4/7
  2404 | D:3      | Found a glowing drain.
  2411 | Sewer    | Entered a sewer
  2579 | Sewer    | Reached XP level 5. HP: 34/34 MP: 4/8
  2630 | Sewer    | Noticed a kobold brigand
  2640 | Sewer    | Killed a kobold brigand
  2777 | Sewer    | Noticed a kobold brigand
  2792 | Sewer    | Killed a kobold brigand
  2793 | Sewer    | Reached XP level 6. HP: 13/39 MP: 7/10
  3413 | D:3      | Found a faded altar of an unknown god.
  3413 | D:3      | Noticed an ice beast
  3413 | D:3      | Found the Hermit's Pendant {Faith Invo=14 Evo=0 MP+5}
  3433 | D:3      | Killed an ice beast
  3568 | D:3      | Learned a level 4 spell: Ice Form
  3780 | D:4      | Gained mutation: You cannot be stealthy. [Ru sacrifice]
  3780 | D:4      | Reached *** piety under Ru
  4410 | D:4      | Reached XP level 7. HP: 29/45 MP: 12/17
  4693 | D:5      | Entered Level 5 of the Dungeon
  5032 | D:5      | Found Vuarr's General Store.
  5050 | D:5      | Bought a scroll of identify for 24 gold pieces
  5050 | D:5      | Bought 3 scrolls of identify for 72 gold pieces
  5136 | D:5      | Noticed Ijyb
  5146 | D:5      | Killed Ijyb
  5284 | D:5      | Reached XP level 8. HP: 52/52 MP: 14/18
  5479 | D:5      | Gained mutation: You are somewhat unskilled. (-1 Apt) [Ru
                  | sacrifice]
  5479 | D:5      | Reached **** piety under Ru
  5957 | D:6      | Noticed Eustachio
  5967 | D:6      | Killed Eustachio
  5968 | D:6      | Reached skill level 5 in Ice Magic
  6312 | D:7      | Noticed a wyvern
  6319 | D:7      | Killed a wyvern
  6320 | D:7      | Reached XP level 9. HP: 58/58 MP: 19/19
  6408 | D:7      | Found a staircase to the Ecumenical Temple.
  6526 | D:7      | Reached skill level 5 in Unarmed Combat
  6679 | D:7      | Found a runed translucent gate.
  6679 | D:7      | Found a runed translucent gate.
  6679 | D:7      | Found a runed translucent gate.
  6679 | D:7      | Noticed benadryl's ghost (novice TrIE)
  6679 | D:7      | Noticed a spectral unseen horror
  6679 | D:7      | Noticed a spectral unseen horror
  6742 | D:7      | Found a sand-covered staircase.
  6762 | Ossuary  | Entered an ossuary
  7006 | Ossuary  | Gained mutation: You cannot study or cast Fire magic. [Ru
                  | sacrifice]
  7006 | Ossuary  | Gained mutation: You cannot study or cast Hexes magic. [Ru
                  | sacrifice]
  7006 | Ossuary  | Gained mutation: You cannot study or cast Necromancy magic.
                  | [Ru sacrifice]
  7006 | Ossuary  | Reached ***** piety under Ru
  7766 | D:8      | Noticed Maggie
  7781 | D:8      | Killed Maggie
  7782 | D:8      | Reached skill level 5 in Dodging
  7912 | D:8      | Noticed Psyche
  7912 | D:8      | Noticed Pikel
  7958 | D:8      | Killed Psyche
  7959 | D:8      | Reached skill level 5 in Transmutations
  7972 | D:8      | Killed Pikel
  7973 | D:8      | Reached skill level 5 in Fighting
  7973 | D:8      | Reached skill level 5 in Spellcasting
  7973 | D:8      | Reached XP level 10. HP: 5/66 MP: 20/20
  8462 | D:8      | Noticed Erica
  8477 | D:8      | Slain by Erica

Illustrated notes

Levels and vault maps discovered:
D:1:      dpeg_arrival_ternary, layout_basic,
          shapermc_ecumenical_altar_mp_urbaneastern, minmay_small_reverse_x
D:2:      wad_woods_stonehenge, layout_basic, basic_altar, serial_bayou_ford_a,
          minmay_misc_feat_nine_boxes
D:3:      layout_loops_ring, portal_sewer_entry_c, dk_noncrumbling_2,
          corexii_leaking_fountain, minmay_tree_intersection,
          hellmonk_guarded_unrand_hermit
D:4:      layout_layer_cave, kennysheep_cross_bottleneck,
          minmay_gold_behind_fungi
D:5:      layout_basic, serial_shops, nicolae_shop_advertising_works
          [nicolae_subvault_shop_adworks], uniq_ijyb
D:6:      layout_basic, nicolae_overflow_hallway_of_the_gods,
          minmay_splitting_lines, uniq_eustachio
D:7:      layout_basic, minmay_temple_entry_trees, gammafunk_ghost_necromancy,
          nicolae_ossuary_entry_ruins
D:8:      layout_rooms, lair_entry_dummy, uniq_pikel, uniq_psyche, uniq_maggie,
          uniq_erica

Skill      XL: |  1  2  3  4  5  6  7  8  9 |
---------------+----------------------------+-----
Ice Magic      | 1 2 3 4 5 |  5.0
Fighting       | 2 3 3 5 |  5.1
Dodging        | 3 4 5 |  5.5
Spellcasting   | 3 4 5 |  5.1
Transmutations | 3 4 5 |  5.4
Unarmed Combat | 4 5 |  5.8

Action                   |  1- 3 |  4- 6 |  7- 9 | 10-12 || total
-------------------------+-------+-------+-------+-------++-------
Melee: Unarmed           |    71 |   137 |   306 |    11 ||   525
       Tentacles         |    17 |    26 |     4 |       ||    47
       Constrict         |    17 |    30 |     3 |       ||    50
       Punch             |     2 |     3 |     2 |       ||     7
       Kick              |    19 |    31 |       |       ||    50
Throw: Throwing net      |       |       |     1 |       ||     1
 Cast: Beastly Appendage |    23 |    24 |     3 |       ||    50
       Wereblood         |     3 |    25 |    14 |     3 ||    45
       Ice Form          |       |     5 |    31 |     3 ||    39
Invok: Sacrifice Artific |     1 |       |       |       ||     1
       Sacrifice Stealth |       |     1 |       |       ||     1
       Sacrifice Skill   |       |       |     1 |       ||     1
       Sacrifice Arcana  |       |       |     1 |       ||     1
  Use: Scroll            |       |    15 |    10 |       ||    25
       Potion            |       |     2 |       |     2 ||     4
 Stab: Sleeping          |     8 |     4 |       |       ||    12
       Invisible         |       |     1 |     1 |       ||     2
       Confused          |       |       |     3 |       ||     3
       Distracted        |       |       |     1 |       ||     1
Armor: Skin              |     3 |    16 |    93 |     2 ||   114
Dodge: Dodged            |    31 |    66 |   119 |     6 ||   222

Table legend: (Time is in decaauts)
 A = Elapsed time spent in this place.
 B = Non-inter-level travel time spent in this place.
 C = Inter-level travel time spent in this place.
 D = Time resting spent in this place.
 E = Time spent auto-exploring this place.
 F = Levels seen in this place.
 G = Mean time per level.
                   A        B        C        D        E       F      G
               +--------+--------+--------+--------+--------+-----+--------+
         Total |   8435 |   8279 |    156 |      0 |   6805 |  10 |  843.5 |
       Dungeon |   7224 |   7068 |    156 |      0 |   5990 |   8 |  903.0 |
         Sewer |    585 |    585 |      0 |      0 |    416 |   1 |  585.0 |
       Ossuary |    625 |    625 |      0 |      0 |    399 |   1 |  625.0 |
               +--------+--------+--------+--------+--------+-----+--------+

Top non-repeatable levels by time:
     D:3: 1097 daAuts
     D:1: 1081 daAuts
     D:2: 967 daAuts
     D:4: 952 daAuts
     D:7: 913 daAuts
     D:5: 890 daAuts
     D:8: 719 daAuts
 Ossuary: 625 daAuts
     D:6: 601 daAuts
   Sewer: 585 daAuts
